% Time on Ice - PORTLAND PIRATES
Lines # - Real PCT - Wanted PCT - Time Play
Normal Forward
1 - 31% - 33% - 16:44
2 - 33% - 33% - 17:36
3 - 24% - 22% - 12:49
4 - 12% - 12% - 6:41
Normal Defense
1 - 35% - 35% - 18:36
2 - 37% - 35% - 20:05
3 - 22% - 22% - 11:38
4 - 7% - 8% - 3:31
PP Forward
1 - 64% - 60% - 1:16
2 - 36% - 40% - 0:43
PP Defense
1 - 64% - 60% - 1:16
2 - 36% - 40% - 0:43
PK Forward
1 - 79% - 60% - 1:44
2 - 21% - 40% - 0:28
PK Defense
1 - 55% - 60% - 1:13
2 - 45% - 40% - 0:59
PK3 Forward
1 - 0% - 55%
2 - 0% - 45%
PK3 Defense
1 - 0% - 55%
2 - 0% - 45%
44 Forward
1 - 59% - 55% - 1:10
2 - 41% - 45% - 0:49
44 Defense
1 - 30% - 55% - 0:36
2 - 70% - 45% - 1:23
Last Minute Offensive  - 0:00
Last Minute Defensive  - 0:00
Total
Forward - 60:00
Defense - 60:00
% Time on Ice - RENO LIONS
Lines # - Real PCT - Wanted PCT - Time Play
Normal Forward
1 - 35% - 35% - 18:42
2 - 30% - 30% - 16:02
3 - 26% - 25% - 14:00
4 - 9% - 10% - 5:06
Normal Defense
1 - 26% - 35% - 13:54
2 - 41% - 32% - 22:08
3 - 31% - 23% - 16:27
4 - 3% - 10% - 1:21
PP Forward
1 - 89% - 65% - 1:57
2 - 11% - 35% - 0:15
PP Defense
1 - 89% - 60% - 1:57
2 - 11% - 40% - 0:15
PK Forward
1 - 58% - 55% - 1:09
2 - 42% - 45% - 0:50
PK Defense
1 - 55% - 55% - 1:05
2 - 45% - 45% - 0:54
PK3 Forward
1 - 0% - 55%
2 - 0% - 45%
PK3 Defense
1 - 0% - 55%
2 - 0% - 45%
44 Forward
1 - 65% - 55% - 1:17
2 - 35% - 45% - 0:42
44 Defense
1 - 72% - 55% - 1:26
2 - 28% - 45% - 0:33
Last Minute Offensive  - 0:00
Last Minute Defensive  - 0:00
Total
Forward - 60:00
Defense - 60:00
Play-by-Play 1st period 0:01 of 1st period - Elias Pettersson wins face-off versus Mika Zibanejad in neutral zone. 0:19 of 1st period - Steven Stamkos is hit by Thomas Chabot and loses puck. 0:29 of 1st period - Icing by Thomas Chabot. 0:30 of 1st period - Nick Bjugstad wins face-off versus Mika Zibanejad in PORTLAND PIRATES zone. 0:46 of 1st period - Minor Penalty to Thomas Chabot for Hooking. 0:47 of 1st period - Steven Stamkos wins face-off versus Michael McLeod in PORTLAND PIRATES zone. 0:59 of 1st period - Shot by Kirill Kaprizov. 0:59 of 1st period - Goal by Kirill Kaprizov - PORTLAND PIRATES : 0 - RENO LIONS : 1. 1:00 of 1st period - Chandler Stephenson wins face-off versus Patrick Brown in neutral zone. 1:11 of 1st period - Off-side. 1:12 of 1st period - Alex Steeves wins face-off versus Sam Steel in neutral zone. 1:30 of 1st period - Shot by Nicholas Ritchie. 1:30 of 1st period - Stopped by Martin Jones with a rebound. 1:32 of 1st period - Shot by Nicholas Ritchie. 1:32 of 1st period - Stopped by Martin Jones without a rebound. 1:33 of 1st period - Patrick Brown wins face-off versus Chandler Stephenson in PORTLAND PIRATES zone. 2:33 of 1st period - Icing by Juuso Valimaki. 2:34 of 1st period - Nick Bjugstad wins face-off versus Michael McLeod in RENO LIONS zone. 2:49 of 1st period - Michael McLeod is hit by Nick Bjugstad and loses puck. 2:59 of 1st period - Icing by Ethan Bear. 3:00 of 1st period - Nick Bjugstad wins face-off versus Sam Steel in RENO LIONS zone. 3:16 of 1st period - Off-side. 3:17 of 1st period - Steven Stamkos wins face-off versus Mika Zibanejad in neutral zone. 3:24 of 1st period - Shot by Steven Stamkos. 3:24 of 1st period - Shot Misses the Net. 4:11 of 1st period - Steven Stamkos is hit by William Carrier and loses puck. 4:28 of 1st period - Oliver Ekman-Larsson is hit by William Carrier and loses puck. 4:59 of 1st period - Mattias Samuelsson is hit by Yanni Gourde and loses puck. 5:38 of 1st period - Shot by Chandler Stephenson. 5:38 of 1st period - Shot Misses the Net. 6:16 of 1st period - Icing by Alec Martinez. 6:17 of 1st period - Steven Stamkos wins face-off versus Mika Zibanejad in PORTLAND PIRATES zone. 6:22 of 1st period - Shot by Kirill Kaprizov. 6:22 of 1st period - Deflect By Elias Pettersson. 6:22 of 1st period - Shot Blocked by Marc Staal. 6:42 of 1st period - Elias Pettersson is hit by Marc Staal and loses puck. 6:53 of 1st period - Shot by Elias Pettersson. 6:53 of 1st period - Shot Misses the Net. 7:16 of 1st period - Michael McLeod is hit by Marcus Foligno and loses puck. 7:27 of 1st period - Shot by Michael McLeod. 7:27 of 1st period - Goal by Michael McLeod - PORTLAND PIRATES : 1 - RENO LIONS : 1. 7:28 of 1st period - Pierre-Luc Dubois wins face-off versus Chandler Stephenson in neutral zone. 7:45 of 1st period - Shot by Pierre-Luc Dubois. 7:45 of 1st period - Deflect By Jack Roslovic. 7:45 of 1st period - Stopped by Martin Jones without a rebound. 7:46 of 1st period - Sam Steel wins face-off versus Patrick Brown in PORTLAND PIRATES zone. 8:15 of 1st period - Shot by Ilya Mikheyev. 8:15 of 1st period - Shot Misses the Net. 8:17 of 1st period - Shot by Patrick Brown. 8:17 of 1st period - Shot Misses the Net. 8:19 of 1st period - Shot by Mattias Samuelsson. 8:19 of 1st period - Shot Blocked by Brian Dumoulin. 8:21 of 1st period - Shot by Marcus Foligno. 8:21 of 1st period - Shot Blocked by Thomas Chabot. 8:23 of 1st period - Shot by Marcus Foligno. 8:23 of 1st period - Shot Misses the Net. 8:25 of 1st period - Shot by Marcus Foligno. 8:25 of 1st period - Shot Misses the Net. 8:41 of 1st period - Icing by Steven Stamkos. 8:42 of 1st period - Steven Stamkos wins face-off versus Pavel Zacha in RENO LIONS zone. 8:49 of 1st period - Shot by Kirill Kaprizov. 8:49 of 1st period - Stopped by Martin Jones with a rebound. 9:52 of 1st period - Shot by Michael McLeod. 9:52 of 1st period - Stopped by Stuart Skinner with a rebound. 10:36 of 1st period - Shot by Robert Thomas. 10:36 of 1st period - Stopped by Stuart Skinner without a rebound. 10:37 of 1st period - Pierre-Luc Dubois wins face-off versus Sam Steel in RENO LIONS zone. 10:37 of 1st period - Pierre-Luc Dubois is hit by William Carrier. 10:51 of 1st period - Shot by Nick Bjugstad. 10:51 of 1st period - Shot Misses the Net. 10:53 of 1st period - Shot by Pierre-Luc Dubois. 10:53 of 1st period - Stopped by Martin Jones with a rebound. 11:08 of 1st period - Shot by Pierre-Luc Dubois. 11:08 of 1st period - Stopped by Martin Jones without a rebound. 11:09 of 1st period - Chandler Stephenson wins face-off versus Patrick Brown in PORTLAND PIRATES zone. 11:24 of 1st period - Shot by Patrick Brown. 11:24 of 1st period - Stopped by Martin Jones without a rebound. 11:25 of 1st period - Alex Steeves wins face-off versus Mika Zibanejad in PORTLAND PIRATES zone. 11:42 of 1st period - Shot by Nicholas Ritchie. 11:42 of 1st period - Stopped by Martin Jones with a rebound. 11:48 of 1st period - Brady Skjei is hit by Mika Zibanejad and loses puck. 12:47 of 1st period - Shot by Yanni Gourde. 12:47 of 1st period - Goal by Yanni Gourde - PORTLAND PIRATES : 2 - RENO LIONS : 1. 12:48 of 1st period - Michael McLeod wins face-off versus Patrick Brown in neutral zone. 13:09 of 1st period - Shot by Ilya Mikheyev. 13:09 of 1st period - Shot Misses the Net. 14:04 of 1st period - Shot by Pavel Zacha. 14:04 of 1st period - Shot Misses the Net. 14:10 of 1st period - Shot by Chandler Stephenson. 14:10 of 1st period - Stopped by Stuart Skinner without a rebound. 14:11 of 1st period - Mika Zibanejad wins face-off versus Steven Stamkos in RENO LIONS zone. 15:10 of 1st period - Off-side. 15:11 of 1st period - Chandler Stephenson wins face-off versus Patrick Brown in neutral zone. 15:26 of 1st period - Travis Hamonic is hit by Marcus Foligno. 15:37 of 1st period - Off-side. 15:38 of 1st period - Sam Steel wins face-off versus Nick Bjugstad in neutral zone. 15:56 of 1st period - Shot by William Carrier. 15:56 of 1st period - Stopped by Stuart Skinner without a rebound. 15:57 of 1st period - Chandler Stephenson wins face-off versus Nicholas Ritchie in RENO LIONS zone. 16:00 of 1st period - Shot by Yanni Gourde. 16:00 of 1st period - Stopped by Stuart Skinner without a rebound. 16:01 of 1st period - Chandler Stephenson wins face-off versus Nick Bjugstad in RENO LIONS zone. 16:05 of 1st period - Yanni Gourde is hit by Oliver Ekman-Larsson and loses puck. 16:34 of 1st period - Shot by Chandler Stephenson. 16:34 of 1st period - Shot Blocked by Mattias Samuelsson. 16:47 of 1st period - Pavel Zacha is hit by Mattias Samuelsson and loses puck. 17:35 of 1st period - Shot by Ryan McLeod. 17:35 of 1st period - Stopped by Stuart Skinner without a rebound. 17:36 of 1st period - Patrick Brown wins face-off versus Mika Zibanejad in RENO LIONS zone. 17:55 of 1st period - Shot by Marcus Foligno. 17:55 of 1st period - Shot Misses the Net. 17:57 of 1st period - Shot by Marcus Foligno. 17:57 of 1st period - Stopped by Martin Jones without a rebound. 17:58 of 1st period - Michael McLeod wins face-off versus Steven Stamkos in PORTLAND PIRATES zone. 18:13 of 1st period - Shot by Kirill Kaprizov. 18:13 of 1st period - Stopped by Martin Jones with a rebound. 18:15 of 1st period - Shot by Juuso Valimaki. 18:15 of 1st period - Stopped by Martin Jones without a rebound. 18:16 of 1st period - Mika Zibanejad wins face-off versus Patrick Brown in PORTLAND PIRATES zone. 18:24 of 1st period - Robert Thomas is hit by Justin Schultz and loses puck. 18:28 of 1st period - Icing by Ilya Mikheyev. 18:29 of 1st period - Patrick Brown wins face-off versus Chandler Stephenson in RENO LIONS zone. 19:48 of 1st peri